 Dungeon Crawl Stone Soup version 0.30-a0-748-ge6a52f7cba (webtiles) character file.

Game seed: 8004604783628062240

9 Esekla the Sneak (level 2, -3/21 HPs)
             Began as an Octopode Delver on Feb 8, 2023.
             Slain by a scorpion (8 damage)
             ... on level 5 of the Dungeon.
             The game lasted 00:00:55 (63 turns).

Esekla the Sneak (Octopode Delver)                    Turns: 63, Time: 00:00:55

Health: -3/21      AC:  1    Str: 11    XL:     2   Next: 12%
Magic:  2/2        EV: 13    Int: 12    God:
Gold:   15         SH:  0    Dex: 13    Spells: 1/1 levels left

rFire   . . .      SeeInvis .    a - +0 falchion
rCold   . . .      Faith    .    (no shield)
rNeg    . . .      Spirit   .    (helmet restricted)
rPois   .          Reflect  .    (no amulet)
rElec   .          Harm     .    (no ring)
rCorr   .          Rampage  .    (no ring)
Will    .....                    (no ring)
Stlth   ++++                     (no ring)
HPRegen 0.23/turn                (no ring)
MPRegen 0.08/turn                (no ring)
                                 (no ring)
                                 (no ring)

@: no status effects
A: almost no armour, amphibious, 8 rings, camouflage 1, gelatinous body 1,
(nimble swimmer 1), tentacles
a: no special abilities


You were on level 5 of the Dungeon.
You visited 1 branch of the dungeon, and saw 1 of its levels.

You collected 15 gold pieces.

Inventory:

Hand Weapons
 a - a +0 falchion (weapon)
Wands
 f - a wand of digging (3)
Scrolls
 b - a scroll of fog
 d - a scroll of fear
Potions
 c - a potion of lignification {unknown}
 e - a potion of haste


   Skills:
 * Level 3.1 Fighting
 * Level 2.0 Long Blades
 * Level 2.1 Dodging
 + Level 6.8 Stealth
 * Level 0.3 Spellcasting


You had one spell level left.
You didn't know any spells.
Your spell library was empty.

Dungeon Overview and Level Annotations

Branches:
Dungeon (5/15)
 Temple: D:4-7

Altars:


Innate Abilities, Weirdness & Mutations

You cannot wear most types of armour.
You are amphibious.
You can wear up to eight rings at the same time.
Your skin changes colour to match your surroundings (Stealth+).
Your rubbery body absorbs attacks. (AC +1, EV +1)
((You are camouflaged when in or above water. (Stealth+)))
You have tentacles for arms and can constrict up to eight enemies at once.


Message History

The adder hisses angrily.
Found a stone staircase leading down.
Found 10 stones.
Found a whip.
Found a stone staircase leading up.
Found a cloak.
Found two stone staircases leading up.
You barely miss the adder. You grab the adder. You constrict the adder.
The adder closely misses you.
You hit the adder.
The adder is heavily wounded.
You constrict the adder. The adder closely misses you. The adder bites you.
You hit the adder.
You kill the adder!
You have reached level 2!
Found a ring mail and a cyan potion.
An ogre comes into view. It is wielding a +0 giant club.
There is a stone staircase leading up here.
You see here a +0 cloak.
Found 4 stones.
Found 7 stones.
Found a murky coppery potion.
Found 9 gold pieces.
You hear the slow rusting of a very distant drain.
Found 16 gold pieces.
A scorpion comes into view.
You see here a murky coppery potion.
c - a murky coppery potion You closely miss the scorpion.
You grab the scorpion. You constrict the scorpion.
The scorpion closely misses you. The scorpion stings you.
You hit the scorpion.
The scorpion is moderately wounded.
You constrict the scorpion, but do no damage.
The scorpion stings you.
You hit the scorpion.
The scorpion is heavily wounded.
You constrict the scorpion, but do no damage.
The scorpion stings you.
* * * LOW HITPOINT WARNING * * *
The scorpion stings you!
You die...

,,,*,,**********,...,*
,,,**,** ######.###
*****,,* #........#
**,* #........#
#####*,######........#
.O...,,$.............#
******..#####....(...#
**.#*##....s....# #
*.(*#.....@....# ##
*#.*#.##.####### .#
#.##.##.# .###
#.#..##.# ...###
#...###.# ..<[.####..#
#.# ...#...#...# *.#
.(.<.....#.#**,*
...###.........*


You could see a scorpion.

Vanquished Creatures
  An adder (D:5)
1 creature vanquished.

Notes
Turn   | Place    | Note
-------+----------+-------------------------------------------
     0 | D:5      | Esekla the Octopode Delver began the quest for the Orb.
     0 | D:5      | Reached XP level 1. HP: 16/16 MP: 1/1
    20 | D:5      | Reached XP level 2. HP: 19/21 MP: 2/2
    28 | D:5      | Noticed an ogre
    53 | D:5      | Noticed a scorpion
    63 | D:5      | Slain by a scorpion

Illustrated notes

Levels and vault maps discovered:
D:5:      layout_rooms, amcnicky_altar_gilded, gup_sewer_entry_bowl,
          nicolae_shop_dragon_depot

Action                     || total
---------------------------++-------
  Melee: Falchion          ||     6
         Constrict         ||     2
    Use: Scroll            ||     1
  Dodge: Dodged            ||     3

Table legend: (Time is in decaauts)
 A = Elapsed time spent in this place.
 B = Non-inter-level travel time spent in this place.
 C = Inter-level travel time spent in this place.
 D = Time resting spent in this place.
 E = Time spent auto-exploring this place.
 F = Levels seen in this place.
 G = Mean time per level.
                   A        B        C        D        E       F      G
               +--------+--------+--------+--------+--------+-----+--------+
         Total |     64 |     64 |      0 |      0 |      0 |   1 |   64.0 |
       Dungeon |     64 |     64 |      0 |      0 |      0 |   1 |   64.0 |
               +--------+--------+--------+--------+--------+-----+--------+

Top non-repeatable levels by time:
     D:5: 64 daAuts
